 Dungeon Crawl Stone Soup version 0.30-b1-2-g02819fbbbe (webtiles) character file.

Game seed: 15112237391606130987

30 Alarkh the Insei (level 3, 27/27 HPs)
             Began as a Demonspawn Warper on May 26, 2023.
             Got out of the dungeon alive.
             The game lasted 00:01:14 (779 turns).

Alarkh the Insei (Demonspawn Warper)                 Turns: 779, Time: 00:01:14

Health: 27/27      AC:  7    Str: 11    XL:     3   Next: 3%
Magic:  15/15      EV: 10    Int: 16    God:
Gold:   72         SH:  0    Dex: 12    Spells: 6/6 levels left

rFire   + . .        b - +0 sling
rCold   . . .        (no shield)
rNeg    . . .        i - +2 ring mail {rF+}
rPois   .            (no helmet)
rElec   .            (no cloak)
rCorr   +            (no gloves)
SInv    .            (no boots)
Will    .....        (no amulet)
Stlth   +            g - ring of resist corrosion
HPRegen 0.24/turn    m - ring of magical power
MPRegen 0.14/turn

%: no passive effects
@: no status effects
A: demonic guardian 1, demonic magic 1
a: no special abilities


You escaped.
You visited 1 branch of the dungeon, and saw 2 of its levels.

You collected 72 gold pieces.

Inventory:

Hand Weapons
 b - a +0 sling (weapon)
Missiles
 c - 7 boomerangs of dispersal
Armour
 a - a +0 leather armour
 i - a +2 ring mail of fire resistance (worn)
Jewellery
 g - a ring of resist corrosion (left hand)
 m - a ring of magical power (right hand)
Scrolls
 d - a scroll of blinking
 f - a scroll of enchant weapon {unknown}
 h - a scroll of noise {unknown}
 j - a scroll of amnesia {unknown}
 k - a scroll of poison
 l - a scroll of magic mapping {unknown}
 n - a scroll of teleportation {unknown}
 o - a scroll of vulnerability {unknown}
 p - a scroll of immolation {unknown}
Potions
 e - a potion of attraction


   Skills:
 - Level 2.0 Fighting
 - Level 0.8 Throwing
 - Level 0.8 Armour
 - Level 1.7 Dodging
 + Level 3.2 Unarmed Combat
 - Level 2.0 Spellcasting
 - Level 2.6 Translocations


You had 6 spell levels left.
You didn't know any spells.
Your spell library contained the following spells:

 Spells                   Type           Power      Damage    Failure   Level
 Blink                    Tloc           20%        N/A       26%         2
 Lesser Beckoning         Tloc           20%        N/A       26%         2
 Teleport Other           Tloc           10%        N/A       45%         3
 Ensorcelled Hibernation  Hex/Ice        2%         N/A       58%         2
 Vhi's Electric Charge    Tloc/Air       10%        N/A       65%         3
 Spider Form              Tmut/Pois      1%         N/A       83%         3
 Manifold Assault         Tloc           10%        N/A       86%         4
 Anguish                  Hex/Necr       0%         N/A       99%         4


Dungeon Overview and Level Annotations

Branches:
Dungeon (2/15)

Altars:

Shops:
D:1 [


Innate Abilities, Weirdness & Mutations

A weak demonic guardian rushes to your aid.
Spells you cast may paralyse adjacent enemies.


Message History

You kill the frilled lizard!
A ball python comes into view.
You have reached level 3!
Your experience leads to an increase in your attributes!
Increase (S)trength, (I)ntelligence, or (D)exterity?
You feel clever. x2; Your demonic ancestry asserts itself...
You feel the presence of a demonic guardian.
You shoot a sling bullet. The ball python hisses angrily.
The sling bullet hits the ball python but does no damage.
No target in view!
No target in view!
A ball python is nearby!
You can't go up here!
A ball python is nearby!
(D) Dungeon
Where to? (Enter - D:2 @ (x,y), ? - help)
A ball python is nearby!
Unknown command.
You shoot a sling bullet.
The sling bullet barely misses the ball python.
You shoot a sling bullet.
The sling bullet closely misses the ball python.
You shoot a sling bullet. The sling bullet hits the ball python!
You kill the ball python!
No target in view!
(D) Dungeon
Where to? (Enter - D:2 @ (x,y), ? - help)
There is a stone staircase leading up here.
You climb upwards.
There is a stone staircase leading down here.
There is an escape hatch in the floor here.
You see here a +0 dagger.
There is an open door here.
You see here a +0 ring mail.
There is an open door here.
There is an open door here.
There is a staircase leading out of the dungeon here.
Are you sure you want to leave the Dungeon?
This will make you lose the game!
You have escaped!

###.....########.########.....###
.......## ###.......### ##.....#
......## ##...........## ##..#.#
......# ##....#####....## #..#.#
...>..# #...#########...# #....#
.....####..##.......##[.####.#.#
.....# #...#..##'##..#...# #.#.#
.....# #..##.##...##.##..# #.#.#
.....# #..##.##.@.##.##..# #.#.#
.....# #..##.##...##.##..# #...#
####.# #...#..#####..#...# #.#.#
####.####..##.......##..####.#.#
......# #...####.####...# #....#
..#...# ##....##'##....## #....##
#.....## ##...........## ##......
###....## ###.......### ##.......
........#################.....(..


There were no monsters in sight!

Vanquished Creatures
  An adder (D:2)
  A dart slug (D:1)
  2 ball pythons
  2 endoplasms (D:1)
  A giant cockroach (D:2)
  3 goblins
  2 hobgoblins (D:1)
  2 kobolds (D:1)
  2 frilled lizards
  A rat (D:1)
17 creatures vanquished.

Notes
Turn   | Place    | Note
-------+----------+-------------------------------------------
     0 | D:1      | Alarkh the Demonspawn Warper began the quest for the Orb.
     0 | D:1      | Reached XP level 1. HP: 16/16 MP: 3/3
   100 | D:1      | Reached skill level 2 in Unarmed Combat
   282 | D:1      | Gained mutation: Spells you cast may paralyse adjacent
                  | enemies. [demonic ancestry]
   282 | D:1      | Reached XP level 2. HP: 22/22 MP: 5/5
   516 | D:1      | Found Kiagok's Antique Armour Shoppe.
   621 | D:2      | Reached skill level 3 in Unarmed Combat
   696 | D:2      | Gained mutation: A weak demonic guardian rushes to your
                  | aid. [demonic ancestry]
   696 | D:2      | Reached XP level 3. HP: 27/27 MP: 6/6
   779 | D:$      | Got out of the dungeon alive.

Illustrated notes

Levels and vault maps discovered:
D:1:      dpeg_arrival_concentric_ovals, layout_rooms, serial_shops,
          nicolae_shop_statue_plus
D:2:      layout_loops_cross, serial_park_tiny_1

Skill      XL: |  1  2 |
---------------+-------+-----
Unarmed Combat | 2 3 |  3.2
Fighting       | |  2.0
Throwing       | |  0.8
Armour         | |  0.8
Dodging        | |  1.7
Spellcasting   | |  2.0
Translocations | |  2.6

Action                     || total
---------------------------++-------
  Melee: Unarmed           ||    25
   Fire: Sling             ||    38
    Use: Potion            ||     2
         Scroll            ||     1
 Armour: Leather armour    ||     5
         Ring mail         ||     9
  Dodge: Dodged            ||    36
